 Dungeon Crawl Stone Soup version 0.17-a0-2014-g32cd421 (webtiles) character file.

1482 brucemayne the Cleaver (level 8, -7/94 (96) HPs)
             Began as a Hill Orc Berserker on Oct 9, 2015.
             Was a Priest of Trog.
             Mangled by an orc warrior
             ... wielding a +0 halberd
              (19 damage)
             ... on level 10 of the Dungeon.
             The game lasted 00:07:53 (1650 turns).

brucemayne the Cleaver (Hill Orc Berserker)         Turns: 1650, Time: 00:07:53

HP:   -7/94 (96)    AC:  7    Str: 27    XL:     8   Next: 79%
MP:   8/8           EV: 10    Int:  7    God:    Trog [***...]
Gold: 258           SH:  0    Dex: 10    Spells: 0 memorised, 7 levels left

rFire  . . .     SeeInvis .     r - +1 hand axe (elec)
rCold  . . .     Clarity  .     d - +0 scale mail (curse)
rNeg   + . .     SustAt   .     (no shield)
rPois  .         Gourm    .     (no helmet)
rElec  .         Spirit   .     f - +0 cloak
rCorr  .         Warding  .     (no gloves)
rMut   .         Stasis   .     (no boots)
MR     .....                    (no amulet)
Stlth  ..........               (no ring)
                                p - ring of positive energy

@: berserking, very quick, not resistant to hostile enchantments, extremely
unstealthy
A: no striking features
a: Burn Spellbooks, Berserk, Trog's Hand, Renounce Religion


You were on level 10 of the Dungeon.
You worshipped Trog.
Trog was most pleased with you.
You were not hungry.

You visited 1 branch of the dungeon, and saw 10 of its levels.

You collected 258 gold pieces.

Inventory:

Hand Weapons
 a - a +0 hand axe
 r - a +1 hand axe of electrocution (weapon)
 s - a +0 war axe
 y - a +0 battleaxe
Armour
 b - a +0 animal skin
 d - a cursed +0 scale mail (worn)
 f - a +0 cloak (worn)
 g - a +0 ring mail
 z - a +0 chain mail
Jewellery
 p - a ring of positive energy (left hand)
Scrolls
 e - 3 scrolls of teleportation
 h - a scroll of blinking
 l - 3 scrolls of identify
 m - a scroll of random uselessness
 u - 2 scrolls of fog {unknown}
 v - a scroll of fear
 x - a scroll of amnesia {unknown}
Potions
 i - a potion of magic {unknown}
 j - a potion of haste {unknown}
 n - a potion of curing {unknown}
 o - 2 potions of mutation {unknown}
 t - 2 potions of brilliance {unknown}
 w - a potion of might {unknown}
Comestibles
 c - 3 bread rations
 k - 3 meat rations
 q - 12 chunks of flesh


   Skills:
 + Level 3.6 Fighting
 + Level 13.7 Axes
 + Level 2.2 Armour
 - Level 1.5 Dodging


You had 7 spell levels left.
You didn't know any spells.

Dungeon Overview and Level Annotations

Branches:
Dungeon (10/15)
 Temple: D:4-7         Lair: D:8-11         Orc: D:9-12

Altars:
Cheibriados
Okawaru
Qazlal
Yredelemnul


Message History

You hit the orc warrior but do no damage.
The orc warrior hits you with a halberd!
* * * LOW HITPOINT WARNING * * *
The orc throws a tomahawk.
The tomahawk closely misses you.
You hit the orc warrior but do no damage.
You hit the orc warrior.
There is a sudden explosion of sparks!
The orc warrior is heavily wounded.
You hit the orc warrior.
The orc warrior is heavily wounded.
The orc warrior hits you with a halberd!
* * * LOW HITPOINT WARNING * * *
You hit the orc warrior.
There is a sudden explosion of sparks!
The orc warrior is almost dead.
You barely miss the orc warrior.
The orc warrior is almost dead.
You barely miss the orc warrior.
The orc warrior is almost dead.
You barely miss the orc.
The orc warrior hits you with a halberd!!
You die...

....# ⌠...# ....#
....# ###8o8##?$ ..
.......# #. #.
#oo...# ##.####.##
###@#####
..<.......###)......#
..........#)))......#
..........#(#)......#
..........#.#(......#
...........>#.......#
..........###.......#
..........# #.......+
.......<..# #.......#


You could see an orc warrior and 2 orcs.

Vanquished Creatures
  Joseph (D:9)
  A yak (D:9)
  A hippogriff (D:10)
  An orc warrior (D:10)
  A necrophage (D:8)
  A gnoll sergeant (D:9)
  2 giant frogs
  2 crimson imps
  A giant frog zombie (D:8)
  A hound (D:4)
  3 orc wizards
  An orc priest (D:10)
  2 jellies
  An iguana (D:7)
  3 worker ants
  3 adders
  4 gnolls (D:9)
  2 adder skeletons
  3 giant geckos
  17 orcs
  4 bats
  A giant cockroach (D:1)
  A goblin (D:2)
  2 hobgoblins (D:1)
  3 jackals (D:7)
  4 quokkas
  A giant newt (D:4)
  2 kobolds (D:1)
  A quokka skeleton (D:8)
  2 rats
72 creatures vanquished.

Notes
Turn   | Place    | Note
--------------------------------------------------------------
     0 | D:1      | brucemayne the Hill Orc Berserker began the quest for the Orb.
     0 | D:1      | Reached XP level 1. HP: 19/19 MP: 1/1
    37 | D:1      | Reached XP level 2. HP: 17/26 MP: 2/2
   163 | D:2      | Reached skill level 5 in Axes
   209 | D:4      | Reached skill level 6 in Axes
   209 | D:4      | Reached XP level 3. HP: 31/31 MP: 3/3
   322 | D:5      | Entered Level 5 of the Dungeon
   337 | D:5      | Found a snail-covered altar of Cheibriados.
   408 | D:5      | Acquired Trog's second power
   408 | D:5      | Reached XP level 4. HP: 13/39 MP: 4/4
   529 | D:4      | HP: 2/58 [orc wizard/puff of frost (4)]
   532 | D:4      | Reached skill level 7 in Axes
   582 | D:4      | Found a basalt altar of Yredelemnul.
   672 | D:6      | Reached XP level 5. HP: 25/45 MP: 5/5
   743 | D:6      | Noticed a giant frog
   759 | D:6      | Killed a giant frog
   759 | D:6      | Reached skill level 8 in Axes
   911 | D:7      | Reached XP level 6. HP: 32/51 MP: 6/6
  1009 | D:7      | Reached skill level 9 in Axes
  1145 | D:8      | Found a stormy altar of Qazlal.
  1175 | D:8      | Reached skill level 10 in Axes
  1175 | D:8      | Reached XP level 7. HP: 45/56 MP: 7/7
  1236 | D:9      | Found an iron altar of Okawaru.
  1241 | D:9      | Noticed Joseph
  1271 | D:9      | Killed Joseph
  1271 | D:9      | Reached skill level 11 in Axes
  1320 | D:8      | Found a snail-covered altar of Cheibriados.
  1401 | D:9      | Reached skill level 12 in Axes
  1401 | D:9      | Reached XP level 8. HP: 39/63 MP: 8/8
  1414 | D:9      | Noticed a yak
  1430 | D:9      | Killed a yak
  1537 | D:9      | Reached skill level 13 in Axes
  1567 | D:10     | Entered Level 10 of the Dungeon
  1650 | D:10     | Mangled by an orc warrior

Vault maps used:
D:1:      scummos_arrival_forest
D:2:      first_bread
D:3:      led_xom_imps, portal_sewer_entry_b
D:4:      kennysheep_mini_moat, kennysheep_little_box, temple_green
D:5:      basic_altar
D:6:      old_standard_altar, minivault_25
D:7:      the_bakery
D:8:      old_standard_altar, basic_altar
D:9:      lemuel_flame_loot_2, led_sif_pool, okawaru_metal_pillars_1_2,
          glass_columns_a, st_stairs_14, dk_yredelemnul_ordeal, uniq_joseph
D:10:     david_orc_5, nicolae_dithmenos_shadow_blocks

Action                   |  1- 3 |  4- 6 |  7- 9 || total
-------------------------+-------+-------+-------++-------
Melee: Hand axe          |    70 |    62 |    89 ||   221
       War axe           |       |    24 |    20 ||    44
Invok: Berserk           |     3 |     5 |     2 ||    10
       Trog's Hand       |       |     1 |     1 ||     2
  Use: Scroll            |       |       |     5 ||     5
  Eat: Chunk             |     1 |     8 |       ||     9
       Bread ration      |       |       |     1 ||     1
